 Dungeon Crawl Stone Soup version 0.24.0-125-gc4c63601f3 (webtiles) character file.

Game seed: 17093803105075347845, levelgen mode: deterministic

424 Frank2 the Cudgeler (level 6, -4/47 HPs)
             Began as a Demonspawn Gladiator on Mar 22, 2020.
             Slain by Menkaure (11 damage)
             ... on level 4 of the Dungeon.
             The game lasted 00:05:17 (2889 turns).

Frank2 the Cudgeler (Demonspawn Gladiator)          Turns: 2889, Time: 00:05:17

Health: -4/47      AC: 13    Str: 14    XL:     6   Next: 64%
Magic:  0/6        EV:  5    Int:  9    God:
Gold:   142        SH:  0    Dex: 17    Spells: 5/5 levels left

rFire    . . .     SeeInvis .   a - +0 flail
rCold    . . .     Gourm    .   (no shield)
rNeg     . . .     Faith    .   h - +0 plate armour
rPois    .         Spirit   +   c - +0 helmet
rElec    .         Reflect  .   j - +0 cloak
rCorr    .         Harm     .   (no gloves)
MR       .....                  (no boots)
Stlth    ..........             (no amulet)
HPRegen  0.15/turn              (no ring)
MPRegen  0.10/turn              (no ring)

@: lethally poisoned (-4 -> -6)
A: talons 2, magic shield
a: no special abilities


You were on level 4 of the Dungeon.
You were not hungry.

You visited 1 branch of the dungeon, and saw 4 of its levels.
You also visited: Sewer.

You collected 142 gold pieces.

Inventory:

Hand Weapons
 a - a +0 flail (weapon)
Missiles
 d - 3 throwing nets (quivered)
Armour
 c - a +0 helmet (worn)
 h - a +0 plate armour (worn)
 j - a +0 cloak (worn)
Wands
 r - a wand of paralysis (10)
Scrolls
 n - 5 scrolls of teleportation
 o - a scroll of fear {unknown}
 s - a scroll of enchant armour {unknown}
Potions
 b - 3 potions of curing
 e - 2 potions of brilliance
 g - a potion of mutation
 i - 2 potions of resistance
 p - a potion of ambrosia
 q - a potion of flight
Comestibles
 f - 5 rations
 k - 10 chunks of flesh


   Skills:
 + Level 3.1 Fighting
 + Level 5.4 Maces & Flails
 - Level 1.7 Throwing
 + Level 2.4 Armour
 + Level 3.4 Dodging


You had 5 spell levels left.
You didn't know any spells.
Your spell library contained the following spells:

 Spells                   Type           Power        Failure   Level  Hunger
 Magic Dart               Conj           #...         100%        1    ##.....
 Blink                    Tloc           N/A          100%        2    ###....
 Call Imp                 Summ           #.......     100%        2    ###....
 Slow                     Hex            #.......     100%        2    ###....
 Conjure Flame            Conj/Fire      #.......     100%        3    ####...
 Mephitic Cloud           Conj/Pois/Air  #.......     100%        3    ####...


Dungeon Overview and Level Annotations

Branches:
Dungeon (4/15)              Sewer (visited)
 Temple: D:4-7

Altars:
Ru
Beogh

Annotations:
D:4 Menkaure


Innate Abilities, Weirdness & Mutations

You have razor-sharp toenails.
When hurt, damage is shared between your health and your magic reserves.


Message History

You barely miss the worker ant. You claw the worker ant.
The worker ant is moderately wounded.
The worker ant barely misses you. The worker ant bites you.
You are poisoned.
The worker ant poisons you!
You sock the worker ant! You claw the worker ant.
You kill the worker ant!
You feel sick. Menkaure hits you!!
You hit Menkaure.
Menkaure is lightly damaged.
Menkaure hits you!
* * * LOW HITPOINT WARNING * * *
Your plate armour prevents you from hitting Menkaure.
You claw Menkaure.
Menkaure is moderately damaged.
You feel sick. Menkaure barely misses you.
You hit Menkaure.
Menkaure is heavily damaged.
Menkaure hits you!
You die...

#.####### #.#...... #
........ .#.### #......
......# #......
....>..##### #......
.<......M@.#### #....).
........##....######....†.
........#####....>......†.
..Z.....# ##############
........# .......##
.....(. Z...... .......


You could see Menkaure and a ball python skeleton.

Vanquished Creatures
  The ghost of balackLT the Chopper, an amateur GrFi (D:3)
  A big kobold (Sewer)
  2 orc wizards
  A worker ant (D:4)
  A hound skeleton (D:4)
  3 adders
  3 river rats (Sewer)
  2 oozes (D:1)
  2 worms
  2 dart slugs (D:1)
  3 leopard geckos
  13 orcs
  9 bats
  6 giant cockroaches
  9 goblins
  8 hobgoblins
  8 jackals
  13 kobolds
  4 frilled lizards
  16 rats
107 creatures vanquished.

Notes
Turn   | Place    | Note
-------+----------+-------------------------------------------
     0 | D:1      | Frank2 the Demonspawn Gladiator began the quest for the
                  | Orb.
     0 | D:1      | Reached XP level 1. HP: 16/16 MP: 1/1
    82 | D:1      | Reached skill level 3 in Maces & Flails
    86 | D:1      | Gained mutation: You have sharp toenails. [demonic
                  | ancestry]
    86 | D:1      | Reached XP level 2. HP: 11/22 MP: 2/2
   457 | D:1      | Reached XP level 3. HP: 23/27 MP: 3/3
  1082 | D:2      | Reached skill level 1 in Armour
  1107 | D:2      | Reached XP level 4. HP: 33/33 MP: 4/4
  1507 | D:3      | Found a runed translucent gate.
  1507 | D:3      | Found a runed translucent gate.
  1508 | D:3      | Found a runed translucent gate.
  1519 | D:3      | Noticed balackLT's ghost (amateur GrFi)
  1523 | D:3      | Identified the +5 hand axe "Fatesil" {holy, Int+4 Stlth+}
  1523 | D:3      | Identified the cursed +1 chain mail "Xaolusm" {rF+ Int+2}
  1524 | D:3      | Found a roughly hewn altar of Beogh.
  1777 | D:3      | Found a glowing drain.
  1819 | Sewer    | Entered a sewer
  1824 | Sewer    | Reached skill level 4 in Maces & Flails
  2088 | Sewer    | Noticed a big kobold
  2122 | Sewer    | Killed a big kobold
  2122 | Sewer    | Gained mutation: When hurt, damage is shared between your
                  | health and your magic reserves. [demonic ancestry]
  2122 | Sewer    | Reached XP level 5. HP: 28/39 MP: 5/5
  2146 | Sewer    | Found a white marble altar of Elyvilon.
  2498 | D:3      | Gained mutation: You have razor-sharp toenails. [demonic
                  | ancestry]
  2498 | D:3      | Reached XP level 6. HP: 46/46 MP: 6/6
  2581 | D:3      | Found a sacrificial altar of Ru.
  2747 | D:3      | Killed balackLT's ghost
  2747 | D:3      | Reached skill level 5 in Maces & Flails
  2875 | D:4      | Noticed Menkaure
  2889 | D:4      | Slain by Menkaure

Levels and vault maps discovered:
D:1:      dpeg_arrival_more_subterranean_lakeside_camping, layout_basic,
          minmay_tall_x
D:2:      layout_loops_cross
D:3:      minmay_skewed_foursquare, layout_rooms, lemuel_coloured_pillars_altar,
          biasface_ghost_orc_armoury, gup_sewer_entry_glass
D:4:      layout_rooms, minmay_temple_entry_gardened_gates, first_ration,
          hangedman_decor_points, uniq_sigmund, uniq_menkaure, uniq_edmund

Skill      XL: |  1  2  3  4  5  6 |
---------------+-------------------+-----
Maces & Flails | 3 4 5 |  5.4
Dodging        | 3 |  3.4
Armour         | 1 2 |  2.4
Fighting       | 3 |  3.1
Throwing       | |  1.7

Action                   |  1- 3 |  4- 6 || total
-------------------------+-------+-------++-------
Melee: Flail             |   111 |   257 ||   368
       Kick              |    26 |    73 ||    99
  Use: Scroll            |     2 |     7 ||     9
       Potion            |       |     3 ||     3
  Eat: Chunk             |     1 |     6 ||     7
Armor: Leather armour    |    22 |       ||    22
       Plate armour      |    39 |   246 ||   285
Dodge: Dodged            |    64 |    89 ||   153
